 Dungeon Crawl Stone Soup version 0.30-a0-986-g7f2e898f52 (webtiles) character file.

Game seed: 13837811699831378241

93 DeathPants the Ducker (level 4, 0/17 (22) HPs)
             Began as a Vine Stalker Wanderer on Apr 1, 2023.
             Slain by a gnoll
             ... wielding a +0 spear
              (5 damage)
             ... on level 2 of the Dungeon.
             The game lasted 00:04:25 (1073 turns).

DeathPants the Ducker (Vine Stalker Wanderer)       Turns: 1073, Time: 00:04:25

HP:   0/17 (22)     AC:  4    Str: 14    XL:     4   Next: 62%
MP:   0/8           EV: 12    Int: 12    God:
Gold: 97            SH:  0    Dex: 16    Spells: 6/7 levels left

rFire   . . .      SeeInvis .    a - +0 short sword (speed)
rCold   . . .      Faith    .    (no shield)
rNeg    . . .      Spirit   +    d - +0 leather armour
rPois   .          Reflect  .    (no helmet)
rElec   .          Rampage  .    (no cloak)
rCorr   .                        b - +0 pair of gloves
Will    .....                    (no boots)
Stlth   ++                       (no amulet)
HPRegen 1.02/turn                (no ring)
MPRegen 0.11/turn                (no ring)

@: heavily drained
A: fangs 2, regeneration 1, magic shield, antimagic bite, no potion heal 2
a: no special abilities


You were on level 2 of the Dungeon.
You visited 1 branch of the dungeon, and saw 2 of its levels.

You collected 97 gold pieces.

Inventory:

Hand Weapons
 a - a +0 short sword of speed (weapon)
Armour
 b - a +0 pair of gloves (worn)
 d - a +0 leather armour (worn)
Jewellery
 j - a ring of protection from cold
Scrolls
 f - a scroll of identify {unknown}
 h - a scroll of vulnerability {unknown}
 i - 3 scrolls of acquirement {unknown}
 k - a scroll of teleportation {unknown}
Potions
 c - 2 potions of curing
 e - a potion of lignification
 g - a potion of berserk rage {unknown}


   Skills:
 + Level 1.3 Fighting
 + Level 2.9 Dodging
 - Level 1.2 Stealth
 - Level 2.0 Unarmed Combat
 + Level 2.0 Spellcasting
 + Level 2.7 Conjurations
 + Level 1.5 Necromancy
 - Level 1.0 Evocations


You had 6 spell levels left.
You knew the following spells:

 Your Spells              Type           Power      Damage    Failure   Level
a - Kiss of Death         Conj/Necr      24%        2d7       14%         1

Your spell library contained the following spells:

 Spells                   Type           Power      Damage    Failure   Level
 Static Discharge         Conj/Air       8%         2-3/arc   30%         2
 Beastly Appendage        Tmut           2%         N/A       34%         1
 Wereblood                Tmut           1%         N/A       45%         2
 Spider Form              Tmut/Pois      1%         N/A       71%         3
 Flame Wave               Conj/Fire      4%         2d5       89%         4


Dungeon Overview and Level Annotations

Branches:
Dungeon (2/15)

Altars:


Innate Abilities, Weirdness & Mutations

You have extremely sharp teeth.
Your natural rate of healing is unusually fast.
When hurt, damage is shared between your health and your magic reserves.
Your bite disrupts and absorbs the magic of your enemies.
Potions cannot restore your health.


Message History

You see here a rat corpse.
Found a potion of curing.
The gnoll barely misses you.
You hit the gnoll but do no damage. The gnoll barely misses you.
You hit the gnoll.
The gnoll is lightly wounded.
You hit the gnoll but do no damage. You bite the gnoll, but do no damage.
The gnoll is lightly wounded.
The gnoll hits you with a +0 spear. The worm barely misses you.
You hit the gnoll but do no damage. You bite the gnoll, but do no damage.
The gnoll is lightly wounded.
The gnoll hits you but does no damage. The gnoll hits you with a +0 spear.
You see here a rat corpse.
The gnoll attacks as you move away! The gnoll hits you with a +0 spear.
The gnoll closely misses you. The worm closely misses you.
The gnoll barely misses you.
You see here a rat corpse.
You hit the worm. You bite the worm. You drain its power.
You feel invigorated.
The worm is moderately wounded.
You hit the worm. You bite the worm. You drain its power.
You feel invigorated.
The worm is severely wounded.
The gnoll hits you with a +0 spear. The worm bites you.
You hit the worm but do no damage.
The worm is severely wounded.
The gnoll hits you with a +0 spear.
The gnoll hits you from afar with a +0 spear.
* * * LOW HITPOINT WARNING * * *
You see here an adder corpse.
Items here: ( )) ††.
Things that are here:
a +0 short sword; a +0 spear
There is a stone staircase leading up here.
The gnoll closely misses you. The worm bites you.
The gnoll hits you with a +0 spear. The gnoll attacks as you move away!
The gnoll hits you with a +0 spear.
The gnoll hits you from afar with a +0 spear.
* * * LOW HITPOINT WARNING * * *
There is a stone staircase leading up here.
The gnoll hits you from afar with a +0 spear!
You die...

......####.# #.# ....#.# #.#
#.# ..##..# #)# #.# .## . ...#
#)# #.# #####.... ....## #g#
#.# ......... #...# #w#####.#
.<......# .# #.#.# #.......#
.......## .# #.#.###.......#
...#.#.# .. #@w...........#
...#... ##. ####.g..#.......#
...##..##..###....##.#.......##
...##.....##...#####.....#....#
.............##### #.....#....#
.....<........"..###.....##...#
.###....######.........##...#
#.........######.....##...#
#.#.#.###.# #.....##...#


You could see a worm and a gnoll.

Vanquished Creatures
  An adder (D:2)
  4 gnolls
  2 dart slugs (D:1)
  6 ball pythons
  A giant cockroach (D:1)
  2 goblins (D:1)
  5 hobgoblins (D:1)
  4 kobolds
  4 quokkas
  7 bats
  3 frilled lizards (D:1)
  5 rats
44 creatures vanquished.

Notes
Turn   | Place    | Note
-------+----------+-------------------------------------------
     0 | D:1      | DeathPants the Vine Stalker Wanderer began the quest for
                  | the Orb.
     0 | D:1      | DeathPants set off with the following items: a +0 dagger, a
                  | +0 pair of gloves, a potion of curing, a +0 leather armour,
                  | a potion of lignification; and the following spell
                  | memorised: Kiss of Death; and the following spells
                  | available to memorise: Static Discharge, Flame Wave.
     0 | D:1      | Reached XP level 1. HP: 9/9 MP: 3/3
   124 | D:1      | Reached XP level 2. HP: 14/14 MP: 2/4
   366 | D:1      | Reached XP level 3. HP: 14/17 MP: 6/6
   407 | D:1      | Reached skill level 1 in Necromancy
   722 | D:1      | Reached skill level 1 in Fighting
   891 | D:2      | Gained mutation: Your natural rate of healing is unusually
                  | fast. [Vine Stalker growth]
   891 | D:2      | Reached XP level 4. HP: 16/18 MP: 5/7
  1018 | D:2      | Identified the +4 ring mail of Ignis's Displeasure {Str+6
                  | Int+3}
  1073 | D:2      | Slain by a gnoll

Illustrated notes

Levels and vault maps discovered:
D:1:      zelgadis_glass_arrival_small, layout_rooms, minmay_tromino_v4_b
D:2:      layout_rooms

Skill      XL: |  1  2  3  4 |
---------------+-------------+-----
Necromancy     | 1 |  1.5
Fighting       | 1 |  1.3
Spellcasting   | 2 |  2.0
Dodging        | |  2.9
Stealth        | |  1.2
Unarmed Combat | |  2.0
Conjurations   | |  2.7
Evocations     | |  1.0

Action                     |  1- 3 |  4- 6 || total
---------------------------+-------+-------++-------
  Melee: Short sword       |   116 |    43 ||   159
         Dagger            |     7 |       ||     7
         Bite              |    32 |    10 ||    42
         Punch             |     1 |       ||     1
   Cast: Kiss of Death     |     2 |     1 ||     3
   Stab: Sleeping          |     2 |       ||     2
 Armour: Leather armour    |    40 |     6 ||    46
  Dodge: Dodged            |    74 |    28 ||   102

Table legend: (Time is in decaauts)
 A = Elapsed time spent in this place.
 B = Non-inter-level travel time spent in this place.
 C = Inter-level travel time spent in this place.
 D = Time resting spent in this place.
 E = Time spent auto-exploring this place.
 F = Levels seen in this place.
 G = Mean time per level.
                   A        B        C        D        E       F      G
               +--------+--------+--------+--------+--------+-----+--------+
         Total |   1020 |   1020 |      0 |     15 |    546 |   2 |  510.0 |
       Dungeon |   1020 |   1020 |      0 |     15 |    546 |   2 |  510.0 |
               +--------+--------+--------+--------+--------+-----+--------+

Top non-repeatable levels by time:
     D:1: 745 daAuts
     D:2: 274 daAuts
